 Dungeon Crawl Stone Soup version 0.24.0-7-gb3623d2c88 (console) character file.

Game seed: 8144816750850591078, levelgen mode: deterministic

30 sneks the Conjurer (level 3, -4/19 HPs)
             Began as a Kobold Conjurer on Nov 2, 2019.
             Slain by a worker ant (6 damage)
             ... on level 2 of the Dungeon.
             The game lasted 00:10:41 (1748 turns).

sneks the Conjurer (Kobold Conjurer)                Turns: 1748, Time: 00:10:42

Health: -4/19      AC:  9    Str:  5    XL:     3   Next: 35%
Magic:  7/7        EV: 12    Int: 17    God:
Gold:   12         SH:  0    Dex: 15    Spells: 7/8 levels left

rFire    . . .     SeeInvis .   m - +0 short sword
rCold    . . .     Gourm    .   (shield restricted)
rNeg     . . .     Faith    .   d - quicksilver dragon scales
rPois    .         Spirit   .   (no helmet)
rElec    .         Reflect  .   (no cloak)
rCorr    .         Harm     .   (no gloves)
MR       +....                  (no boots)
Stlth    ++........             (no amulet)
HPRegen  0.06/turn              (no ring)
MPRegen  0.10/turn              (no ring)

@: lethally poisoned (-4 -> -11), very slightly contaminated
A: small, carnivore
a: no special abilities


You were on level 2 of the Dungeon.
You were very full.

You visited 1 branch of the dungeon, and saw 2 of its levels.

You collected 12 gold pieces.

Inventory:

Hand Weapons
 h - a +0 mace
 m - a +0 short sword (weapon)
Armour
 a - a +0 robe
 d - quicksilver dragon scales (worn)
Jewellery
 l - a +4 ring of evasion {unknown}
 o - a cursed -3 ring of protection {unknown}
Scrolls
 b - a scroll of noise {unknown}
 e - a scroll of amnesia {unknown}
 g - 2 scrolls of identify {unknown}
 i - a scroll of enchant weapon {unknown}
 j - 2 scrolls of teleportation
 k - a scroll of magic mapping {unknown}
Potions
 f - 2 potions of degeneration {unknown}
Comestibles
 c - 2 rations


   Skills:
 - Level 2.4 Dodging
 - Level 2.7 Stealth
 + Level 3.0 Spellcasting
 + Level 4.5 Conjurations


You had 7 spell levels left.
You knew the following spells:

 Your Spells              Type           Power        Failure   Level  Hunger
a - Magic Dart            Conj           ###.         13%         1    None

Your spell library contained the following spells:

 Spells                   Type           Power        Failure   Level  Hunger
 Searing Ray              Conj           ###...       21%         2    ##.....
 Dazzling Spray           Conj/Hex       ##....       69%         3    ###....
 Iskenderun's Mystic Bla  Conj           ###.....     78%         4    ####...
 Force Lance              Conj/Tloc      ##......     97%         4    ####...
 Fulminant Prism          Conj/Hex       ##........   97%         4    ####...


Dungeon Overview and Level Annotations

Branches:
Dungeon (2/15)

Altars:


Innate Abilities, Weirdness & Mutations

You are small and have problems with some larger weapons.
You are carnivorous and can eat meat at any time.


Message History

* * * LOW HITPOINT WARNING * * *
You are lethally poisoned!
The worker ant poisons you!
Sorry, you're not good enough to have a special ability.
Casting: Magic Dart (safe; 13% risk of failure)
Confirm with . or Enter, or press ? or * to list all spells.
You don't have enough magic to cast that spell.
Unknown command.
Casting: Magic Dart (safe; 13% risk of failure)
Confirm with . or Enter, or press ? or * to list all spells.
You don't have enough magic to cast that spell.
Unknown command.
Casting: Magic Dart (safe; 13% risk of failure)
Confirm with . or Enter, or press ? or * to list all spells.
You don't have enough magic to cast that spell.
Okay, then.
It was a potion of magic.
Magic courses through your body.
* * * LOW HITPOINT WARNING * * *
You feel sick. The worker ant bites you.
You die...

### #.# #.#
##########.#########
.........#......@a.#
########.#.#######.#
# #.#.# #.# # #.#.#
#.# # #.#.# #.#
########.#.# #.#
##.....#.#.# #.#
##.....#.#.# #.#
##.....#.#.# #.#
##.....#.#.# #.#
##.....#.#.# #.#


You could see a worker ant.

Vanquished Creatures
  An adder (D:2)
  A bat (D:1)
  4 goblins
  3 hobgoblins (D:1)
  3 jackals
  2 frilled lizards
  2 kobolds
  4 rats
20 creatures vanquished.

Notes
Turn   | Place    | Note
-------+----------+-------------------------------------------
     0 | D:1      | sneks the Kobold Conjurer began the quest for the Orb.
     0 | D:1      | Reached XP level 1. HP: 10/10 MP: 3/3
   250 | D:1      | Reached XP level 2. HP: 15/15 MP: 0/5
  1352 | D:2      | Reached XP level 3. HP: 17/19 MP: 1/7
  1748 | D:2      | Slain by a worker ant

Levels and vault maps discovered:
D:1:      dpeg_arrival_brainrot, layout_basic, serial_glass, glass_columns_b,
          glass_columns_c, glass_columns_a, glass_columns_a, glass_columns_b,
          glass_columns_b, glass_columns_a, glass_columns_c, glass_columns_b,
          glass_columns_b, glass_columns_a, glass_columns_a, glass_columns_b,
          glass_columns_b
D:2:      lemuel_upstairs_altar, layout_basic, nicolae_overflow_hidden_temple,
          overflow_temple_1_default, moated_statue

Skill      XL: |  1  2  3 |
---------------+----------+-----
Spellcasting   | 3 |  3.0
Dodging        | |  2.4
Stealth        | |  2.7
Conjurations   | |  4.5

Action                   || total
-------------------------++-------
Melee: Unarmed           ||     9
       Short sword       ||     9
 Cast: Magic Dart        ||    47
  Use: Scroll            ||     1
       Potion            ||     1
  Eat: Chunk             ||     9
Armor: Robe              ||     2
       Quicksilver drago ||    26
Dodge: Dodged            ||    35
